 Dungeon Crawl Stone Soup version 0.21.1-1-g345015f (webtiles) character file.

55 toffzen the Firebug (level 3, 0/19 HPs)
             Began as a Deep Elf Fire Elementalist on Apr 11, 2018.
             Slain by a hobgoblin (4 damage)
             ... led by Robin
             ... on level 2 of the Dungeon.
             The game lasted 00:02:48 (1409 turns).

toffzen the Firebug (Deep Elf Fire Elementalist)    Turns: 1409, Time: 00:02:49

Health: 0/19       AC:  2    Str:  5    XL:     3   Next: 67%
Magic:  9/10       EV: 13    Int: 20    God:
Gold:   52         SH:  0    Dex: 15    Spells: 5/9 levels left

rFire    . . .     SeeInvis .   g - +0 short sword
rCold    . . .     Gourm    .   (no shield)
rNeg     . . .     Faith    .   a - +0 robe
rPois    .         Spirit   .   (no helmet)
rElec    .         Reflect  .   (no cloak)
rCorr    .         Harm     .   (no gloves)
MR       .....                  (no boots)
Stlth    ++........             (no amulet)
HPRegen  0.06/turn              (no ring)
MPRegen  0.12/turn              (no ring)

@: no status effects
A: no striking features
a: no special abilities


You were on level 2 of the Dungeon.
You were not hungry.

You visited 1 branch of the dungeon, and saw 2 of its levels.

You collected 52 gold pieces.

Inventory:

Hand Weapons
 g - a +0 short sword (weapon)
Missiles
 h - 47 stones (quivered)
 j - 40 sling bullets
Armour
 a - a +0 robe (worn)
Wands
 k - a wand of acid (11)
Scrolls
 e - a scroll of teleportation {unknown}
 f - a scroll of identify {unknown}
Potions
 i - a potion of ambrosia {unknown}
Books
 b - a book of Flames

   Spells                             Type                      Level
   a - Flame Tongue                   Conjuration/Fire             1
   b - Throw Flame                    Conjuration/Fire             2
   c - Conjure Flame                  Conjuration/Fire             3
   d - Inner Flame                    Hexes/Fire                   3
   e - Sticky Flame                   Conjuration/Fire             4
   f - Fireball                       Conjuration/Fire             5
Comestibles
 c - 3 rations
 d - 4 chunks of flesh


   Skills:
 - Level 2.4 Dodging
 - Level 2.4 Stealth
 + Level 3.6 Spellcasting
 * Level 2.6 Conjurations
 * Level 4.1 Fire Magic


You had 5 spell levels left.
You knew the following spells:

 Your Spells              Type           Power        Failure   Level  Hunger
a - Flame Tongue          Conj/Fire      ###..        3%          1    None
b - Conjure Flame         Conj/Fire      ###.....     10%         3    ###....


Dungeon Overview and Level Annotations

Branches:
Dungeon (2/15)

Altars:
Okawaru

Annotations:
D:2 Robin


Message History

The hobgoblin hits you. The goblin barely misses you.
The goblin closely misses you.
Unknown command.
Casting: Flame Tongue
Confirm with . or Enter, or press ? or * to list all spells.
Aiming: Flame Tongue
Press: ? - help, Shift-Dir - straight line, f - goblin
Aim: a goblin (unusually strong)
The flame tongue hits the goblin.
You kill the goblin!
The hobgoblin misses you. The goblin hits you with a dagger.
* * * LOW HITPOINT WARNING * * *
The hobgoblin closely misses you. Robin throws the goblin at you!
* * * LOW HITPOINT WARNING * * *
The goblin barely misses you.
You hit the goblin.
The goblin is moderately wounded.
The hobgoblin hits you.
You die...

#..# ##.###.#
#..###...##.##
#............#
#######.###...##..#
#.................#
#.#####.....>.###.#
#.#####.# #.## #g#
#.# ...# #@#
##.##...## #g#
#.........
#.####.........
#g.............
#.####.........g
...###.###........##
..g.g................
g.gg#######........##
.. .....#####


You could see Robin, a hobgoblin and a goblin.

Vanquished Creatures
  2 adders (D:2)
  7 goblins
  7 hobgoblins
  8 bats (D:1)
  2 frilled lizards (D:1)
  5 kobolds (D:1)
  3 rats (D:1)
34 creatures vanquished.

Notes
Turn   | Place    | Note
-------+----------+-------------------------------------------
     0 | D:1      | toffzen the Deep Elf Fire Elementalist began the quest for the Orb.
     0 | D:1      | Reached XP level 1. HP: 10/10 MP: 6/6
   167 | D:1      | Reached XP level 2. HP: 9/15 MP: 0/8
   884 | D:1      | Found an iron altar of Okawaru.
   891 | D:1      | Reached XP level 3. HP: 19/19 MP: 7/9
   896 | D:1      | Learned a level 3 spell: Conjure Flame
  1121 | D:2      | Reached skill level 4 in Fire Magic
  1396 | D:2      | Noticed Robin
  1409 | D:2      | Slain by a hobgoblin

Skill      XL: |  1  2  3 |
---------------+----------+-----
Conjurations   | 2 |  2.6
Fire Magic     | 4 |  4.1
Dodging        | |  2.4
Stealth        | |  2.4
Spellcasting   | |  3.6

Action                   || total
-------------------------++-------
Melee: Short sword       ||    11
Throw: Stone             ||     1
 Cast: Flame Tongue      ||    48
       Conjure Flame     ||     3
 Stab: Distracted        ||     1
  Eat: Chunk             ||     2
Armor: Robe              ||     4
Dodge: Dodged            ||    23
